 Dungeon Crawl Stone Soup version 0.20.1-1-g8b1a95d (webtiles) character file.

17545 vatarom the Geomancer (level 12, -4/103 HPs)
             Began as a Grey Draconian Air Elementalist on Oct 14, 2017.
             Was an Elder of Vehumet.
             Slain by a yak (15 damage)
             ... on level 1 of the Lair of Beasts.
             The game lasted 00:43:33 (16924 turns).

vatarom the Geomancer (DrAE)                       Turns: 16924, Time: 00:43:33

Health: -4/103     AC: 18    Str: 11    XL:     12   Next: 19%
Magic:  13/41      EV: 15    Int: 20    God:    Vehumet [****..]
Gold:   709        SH:  0    Dex: 12    Spells: 7/31 levels left

rFire    . . .     SeeInvis .   E - staff of power
rCold    + . .     Gourm    .   (no shield)
rNeg     + . .     Faith    .   (armour unavailable)
rPois    .         Spirit   .   (helmet restricted)
rElec    .         Reflect  .   u - +0 cloak
rCorr    .         Harm     .   H - +1 pair of gloves
MR       .....                  f - +1 pair of boots
Stlth    ++........             (no amulet)
Regen    0.3/turn               e - +3 ring of evasion
MPRegen  0.3/turn               v - ring of positive energy

@: no status effects
A: walk through water, unfitting armour, antennae 1, cold resistance 1,
unbreathing, cold-blooded, subdued magic 1, AC +13
a: Renounce Religion


You were on level 1 of the Lair of Beasts.
You worshipped Vehumet.
Vehumet was greatly pleased with you.
You were not hungry.

You visited 3 branches of the dungeon, and saw 14 of its levels.
You also visited: Ossuary.

You collected 761 gold pieces.
You spent 52 gold pieces at shops.

Inventory:

Hand Weapons
 h - a +3 dagger of venom
Missiles
 F - 159 stones (quivered)
Armour
 f - a +1 pair of boots (worn)
 u - a +0 cloak (worn)
 H - a +1 pair of gloves (worn)
Magical Staves
 E - an uncursed staff of power (weapon)
Jewellery
 e - a +3 ring of evasion (left hand)
 v - a ring of positive energy (right hand)
Wands
 l - a wand of lightning (4/15)
 n - a wand of disintegration (15/24)
 r - a wand of paralysis (4/24)
 y - a wand of flame (31/48)
 A - a wand of iceblast (15/15)
 B - a wand of paralysis (7/24)
 M - a wand of acid (8/15)
Scrolls
 a - a scroll of identify
 c - 2 scrolls of amnesia
 d - 2 scrolls of enchant weapon
 j - a scroll of recharging
 k - 7 scrolls of remove curse
 p - 7 scrolls of teleportation
 s - 2 scrolls of fear
 w - 3 scrolls of enchant armour
 C - a scroll of fog
 J - 2 scrolls of blinking
Potions
 o - a potion of berserk rage
 q - 2 potions of ambrosia
 x - 2 potions of haste
 z - 2 potions of might
 D - a potion of flight
 I - a potion of invisibility {unknown}
 K - 2 potions of agility
Comestibles
 b - 5 bread rations
 g - 5 chunks of flesh
 i - 5 royal jellies
 m - 6 meat rations
 t - a fruit


   Skills:
 + Level 8.7 Fighting
 - Level 1.7 Dodging
 - Level 1.7 Stealth
 + Level 10.0 Spellcasting
 * Level 10.6 Conjurations
 - Level 3.7 Summonings
 - Level 4.3 Air Magic
 * Level 11.0 Earth Magic


You had 7 spell levels left.
You knew the following spells:

 Your Spells              Type           Power        Failure   Level  Hunger
a - Sandblast             Erth           #####.       1%          1    None
b - Swiftness             Chrm/Air       ##......     3%          2    None
c - Static Discharge      Conj/Air       ####....     1%          3    None
d - Airstrike             Air            ###.......   2%          4    ##.....
e - Summon Lightning Spi  Summ/Air       ###.....     11%         4    ##.....
f - Summon Ice Beast      Ice/Summ       ##......     28%         4    ##.....
g - Lightning Bolt        Conj/Air       ####......   1%          5    ####...
h - Shock                 Conj/Air       ####         1%          1    None


Dungeon Overview and Level Annotations

Branches:
Dungeon (12/15)            Temple (1/1) D:6            Lair (1/6) D:11
    Orc (0/2) D:11

Altars:
Ashenzari
Cheibriados
Dithmenos
Elyvilon
Fedhas
Gozag
Hepliaklqana
Kikubaaqudgha
Makhleb
Nemelex Xobeh
Okawaru
Qazlal
Ru
Sif Muna
Trog
Uskayaw
Vehumet
Xom
Yredelemnul
Zin
The Shining One

Shops:
D:4 ?   D:6 [   D:7 (   D:10 *=?*:


Innate Abilities, Weirdness & Mutations

You can walk through water.
Your dull iron-grey scales are very hard. (AC +13)
You cannot fit into any form of body armour.
You can survive without breathing.
You are cold-blooded and may be slowed by cold attacks.
You have a pair of small antennae on your head.
Your flesh is cold resistant. (rC+)
Your spells are a little easier to cast, but a little less powerful.


Message History

The yak is severely wounded.
The yak barely misses you.
The yak gores your lightning spire but does no damage.
Unknown command.
Unknown command.
Casting: Lightning Bolt
Confirm with . or Enter, or press ? or * to list all spells.
Aiming: Lightning Bolt
Press: ? - help, Shift-Dir - straight line, f/p - yak
Aim: a yak (severely wounded)
You hear a mighty clap of thunder!
The bolt of lightning hits the yak.
The yak is almost dead.
The bolt of lightning hits the yak.
You kill the yak!
Vehumet accepts your kill.
You feel your power returning.
The bolt of lightning hits the yak.
The yak is almost dead.
The yak gores you!
You die...

.......P...P.####.†........##
..............#....##.....##
....P≈..≈P.Y......#####.###
.....≈≈.≈≈.......## ###
...[≈≈≈..≈≈..Y...######### ..
..≈≈≈≈..≈≈≈.....Y##....#.# ...
..≈≈≈≈≈≈≈≈P....#.#.......#####...
..≈≈≈≈≈≈......##Y8..........#....
≈.....P...##@.....†..........
........##..............#...
....P.................##...
.####................##...
###.............##...# ..####
##...........###.... ≈≈...#
#..........####...# ≈≈...#
##................. ≈≈.(.#
######......###.###.#..


You could see 2 yaks and a friendly lightning spire.

Vanquished Creatures
  Josephine (D:10)
  A hydra (Lair:1)
  2 two-headed ogres
  A tengu warrior (D:12)
  Sonja (D:12)
  2 unseen horrors
  A spiny frog (Lair:1)
  3 rime drakes
  2 komodo dragons
  The ghost of kalagan the Shield-Bearer, an amateur HOFi of Elyvilon (D:4)
  4 trolls
  A hornet (D:12)
  3 hippogriffs
  5 wraiths
  10 yaks
  2 fire bats (D:10)
  A steam dragon (D:5)
  Menkaure (D:7)
  A water moccasin (Lair:1)
  3 porcupines (Lair:1)
  4 orc warriors
  2 black bears (D:8)
  An eye of draining (D:11)
  3 ice beasts
  4 sky beasts
  2 ogres
  A necrophage (D:8)
  2 phantoms
  2 wolves (D:8)
  6 centaurs
  5 bullfrogs
  4 scorpions
  6 killer bees
  2 howler monkeys
  An electric eel (Lair:1)
  A quasit (D:8)
  12 crimson imps
  A bullfrog zombie (D:6)
  5 centaur zombies
  3 orc priests
  10 orc wizards
  3 jellies
  4 hounds
  A bullfrog skeleton (D:12)
  3 iguanas
  12 worker ants
  4 big kobold zombies (Ossuary)
  A hound zombie (D:7)
  3 hound skeletons
  2 mummies (Ossuary)
  A howler monkey zombie (D:11)
  A worker ant zombie (D:6)
  3 gnolls (D:6)
  13 adders
  2 shadow imps
  An ooze (D:2)
  An adder zombie (D:5)
  3 adder skeletons
  2 worms
  8 leopard geckos
  31 orcs
  10 giant cockroaches
  8 goblins
  5 hobgoblins
  4 jackals (D:1)
  7 kobolds
  6 quokkas
  2 ball pythons
  3 bats (D:1)
  4 frilled lizards
  A hobgoblin zombie (Ossuary)
  2 jackal skeletons
  A leopard gecko zombie (D:5)
  5 rats
  3 fire vortices (D:10)
  A plant (D:11)
284 creatures vanquished.

Vanquished Creatures (collateral kills)
  A two-headed ogre (D:7)
  A cyclops (D:11)
  2 ugly things (D:11)
  A centaur zombie (D:11)
  A komodo dragon (Lair:1)
  A troll (D:12)
  A wyvern (D:9)
  2 fire bats (D:10)
  Grum (D:8)
  A hell hound (D:10)
  5 orc warriors
  A phantom (D:7)
  2 big kobolds
  A bullfrog (D:11)
  4 killer bees (D:10)
  A howler monkey (D:11)
  5 wights (D:7)
  2 lava snakes (D:10)
  2 hounds (D:7)
  3 orc wizards
  2 mummies (Ossuary)
  An adder (D:12)
  A shadow imp (D:11)
  12 orcs
  A quokka (D:7)
  A jackal zombie (D:5)
  A kobold (D:10)
57 creatures vanquished.

Grand Total: 341 creatures vanquished

Notes
Turn   | Place    | Note
-------+----------+-------------------------------------------
     0 | D:1      | vatarom the Draconian Air Elementalist began the quest for the Orb.
     0 | D:1      | Reached XP level 1. HP: 14/14 MP: 3/3
   329 | D:1      | Reached XP level 2. HP: 13/22 MP: 0/5
   846 | D:1      | Learned a level 2 spell: Swiftness
  1270 | D:2      | Found a shattered altar of Ashenzari.
  1343 | D:2      | Reached XP level 3. HP: 20/27 MP: 0/6
  1398 | D:2      | Learned a level 3 spell: Static Discharge
  1633 | D:2      | Reached skill level 1 in Fighting
  1707 | D:2      | You fall through a shaft!
  1740 | D:3      | Found a hazy altar of Hepliaklqana.
  2101 | D:2      | Reached XP level 4. HP: 23/35 MP: 4/8
  2534 | D:2      | Found a glowing golden altar of the Shining One.
  3302 | D:2      | Reached XP level 5. HP: 37/41 MP: 2/10
  3493 | D:3      | Learned a level 4 spell: Airstrike
  3988 | D:4      | Reached XP level 6. HP: 50/50 MP: 6/11
  4220 | D:4      | Found Sauxaigu's Magic Scroll Shoppe.
  4306 | D:4      | Noticed kalagan's ghost (amateur HOFi)
  4985 | D:5      | Entered Level 5 of the Dungeon
  4997 | D:5      | Reached skill level 5 in Air Magic
  5041 | D:5      | Noticed an ice beast
  5074 | D:5      | Killed an ice beast
  5074 | D:5      | Your scales start taking on a dull iron-grey colour.
  5074 | D:5      | Reached XP level 7. HP: 45/57 MP: 2/13
  5074 | D:5      | Gained mutation: You can survive without breathing. [Grey Draconian growth]
  5838 | D:5      | Reached skill level 5 in Spellcasting
  5995 | D:5      | Reached XP level 8. HP: 30/66 MP: 5/16
  6179 | D:5      | Learned a level 4 spell: Summon Lightning Spire
  6424 | D:5      | Reached skill level 5 in Conjurations
  6424 | D:5      | Reached skill level 1 in Summonings
  6591 | D:6      | Found Zavul's Armour Boutique.
  6921 | D:4      | Killed kalagan's ghost
  6921 | D:4      | Reached skill level 5 in Fighting
  7337 | D:6      | Found a staircase to the Ecumenical Temple.
  7346 | Temple   | Entered the Ecumenical Temple
  7541 | Temple   | Became a worshipper of Vehumet
  7682 | D:7      | Reached XP level 9. HP: 70/74 MP: 9/19
  8012 | D:7      | Found Mechiatt's Weapon Shop.
  8121 | D:7      | Noticed a two-headed ogre
  8143 | D:7      | Killed a two-headed ogre
  8197 | D:7      | Noticed Menkaure
  8205 | D:7      | Killed Menkaure
  8336 | D:7      | Learned a level 4 spell: Summon Ice Beast
  8696 | D:7      | Reached * piety under Vehumet
  8696 | D:7      | Offered knowledge of Flame Tongue by Vehumet.
  9468 | D:8      | Found a snail-covered altar of Cheibriados.
  9504 | D:8      | Learned a level 5 spell: Lightning Bolt
  9523 | D:8      | Found an ancient bone altar of Kikubaaqudgha.
  9596 | D:8      | Found a sand-covered staircase.
  9603 | Ossuary  | Entered an ossuary
  9862 | D:8      | Noticed Grum
  9875 | D:8      | Killed Grum
  9934 | D:8      | Noticed a two-headed ogre
  9958 | D:8      | Killed a two-headed ogre
  9958 | D:8      | Reached XP level 10. HP: 84/84 MP: 2/22
 10220 | D:8      | Offered knowledge of Sandblast by Vehumet.
 10223 | D:8      | Reached ** piety under Vehumet
 10230 | D:8      | Learned a level 1 spell: Sandblast
 10333 | D:8      | Found an iron altar of Okawaru.
 10773 | D:9      | Reached skill level 1 in Earth Magic
 11022 | D:9      | Reached skill level 2 in Earth Magic
 11265 | D:9      | Found a deep blue altar of Sif Muna.
 11277 | D:10     | Entered Level 10 of the Dungeon
 11306 | D:10     | Reached skill level 3 in Earth Magic
 11478 | D:10     | Found Meug's Magic Scroll Shoppe.
 11554 | D:10     | Noticed Josephine
 11561 | D:10     | Reached skill level 4 in Earth Magic
 11587 | D:10     | Killed Josephine
 11587 | D:10     | Reached skill level 6 in Earth Magic
 11623 | D:10     | Offered knowledge of Searing Ray by Vehumet.
 11781 | D:10     | Reached skill level 7 in Earth Magic
 11910 | D:10     | Found Vumnifuo's Book Shoppe.
 11922 | D:10     | Reached *** piety under Vehumet
 12020 | D:10     | Killed an unseen horror
 12193 | D:10     | Reached skill level 8 in Earth Magic
 12286 | D:10     | Found Kairon's General Store.
 12397 | D:10     | Offered knowledge of Olgreb's Toxic Radiance by Vehumet.
 12689 | D:10     | Got a crystal whip
 12701 | D:10     | Identified the cursed +2 whip of Egomania {flame, rElec rC+ Int-4} (You found it on level 10 of the Dungeon)
 12778 | D:10     | Found Zoxkiona's Jewellery Emporium.
 12812 | D:10     | Found Nixkuock's General Store.
 12818 | D:10     | Reached XP level 11. HP: 92/92 MP: 22/24
 13049 | D:11     | Found a staircase to the Orcish Mines.
 13071 | D:11     | Noticed a cyan ugly thing
 13087 | D:11     | Killed a cyan ugly thing
 13235 | D:11     | Noticed a two-headed ogre
 13243 | D:11     | Killed a two-headed ogre
 13243 | D:11     | Reached skill level 9 in Earth Magic
 13250 | D:11     | Reached **** piety under Vehumet
 13259 | D:11     | Offered knowledge of Fireball by Vehumet.
 13376 | D:10     | Bought 29 stones for 37 gold pieces
 13478 | D:7      | Bought 14 stones for 15 gold pieces
 14320 | D:11     | Noticed a purple ugly thing
 14340 | D:11     | Killed a purple ugly thing
 14467 | D:11     | Gained mutation: Your body sometimes deteriorates upon taking damage. [potion of mutation]
 14467 | D:11     | Gained mutation: Your flesh is cold resistant. (rC+) [potion of mutation]
 14467 | D:11     | Gained mutation: Your mind is acute. (Int +2) [potion of mutation]
 14468 | D:11     | Lost mutation: Your flesh is cold resistant. (rC+) [potion of mutation]
 14468 | D:11     | Lost mutation: Your body sometimes deteriorates upon taking damage. [potion of mutation]
 14468 | D:11     | Lost mutation: Your mind is acute. (Int +2) [potion of mutation]
 14468 | D:11     | Gained mutation: Your magical capacity is low. (-10% MP) [potion of mutation]
 14468 | D:11     | Gained mutation: Your tail ends in a poisonous barb. [potion of mutation]
 14468 | D:11     | Gained mutation: Your mind is acute. (Int +2) [potion of mutation]
 14469 | D:11     | Lost mutation: Your mind is acute. (Int +2) [potion of mutation]
 14469 | D:11     | Lost mutation: Your magical capacity is low. (-10% MP) [potion of mutation]
 14469 | D:11     | Lost mutation: Your tail ends in a poisonous barb. [potion of mutation]
 14469 | D:11     | Gained mutation: Your muscles are strong. (Str +2) [potion of mutation]
 14469 | D:11     | Gained mutation: You have a pair of small antennae on your head. [potion of mutation]
 14469 | D:11     | Gained mutation: You passively map a small area around you. [potion of mutation]
 14470 | D:11     | Lost mutation: Your muscles are strong. (Str +2) [potion of mutation]
 14470 | D:11     | Lost mutation: You have a pair of small antennae on your head. [potion of mutation]
 14470 | D:11     | Lost mutation: You passively map a small area around you. [potion of mutation]
 14470 | D:11     | Gained mutation: Your magical capacity is low. (-10% MP) [potion of mutation]
 14470 | D:11     | Gained mutation: You have large cloven feet. [potion of mutation]
 14470 | D:11     | Gained mutation: Your muscles are strong. (Str +2) [potion of mutation]
 14470 | D:11     | Gained mutation: Your large and strong wings let you fly indefinitely. [potion of mutation]
 14471 | D:11     | Lost mutation: Your large and strong wings let you fly indefinitely. [potion of mutation]
 14471 | D:11     | Lost mutation: You have large cloven feet. [potion of mutation]
 14471 | D:11     | Lost mutation: Your magical capacity is low. (-10% MP) [potion of mutation]
 14471 | D:11     | Lost mutation: Your muscles are strong. (Str +2) [potion of mutation]
 14471 | D:11     | Gained mutation: You have a pair of small antennae on your head. [potion of mutation]
 14471 | D:11     | Gained mutation: Your spells are a little easier to cast, but a little less powerful. [potion of mutation]
 14471 | D:11     | Gained mutation: Your flesh is cold resistant. (rC+) [potion of mutation]
 14522 | D:11     | Found a staircase to the Lair.
 15121 | D:12     | Found an opulent altar of Gozag.
 15171 | D:12     | Noticed Sonja
 15175 | D:12     | Killed Sonja
 15175 | D:12     | Reached skill level 10 in Earth Magic
 15290 | D:12     | Reached skill level 10 in Conjurations
 15480 | D:12     | Killed an unseen horror
 15620 | D:12     | Noticed a tengu warrior
 15630 | D:12     | Killed a tengu warrior
 16259 | Lair:1   | Entered Level 1 of the Lair of Beasts
 16277 | Lair:1   | Noticed an eight-headed hydra
 16300 | Lair:1   | Killed an eight-headed hydra
 16300 | Lair:1   | Reached XP level 12. HP: 27/103 MP: 14/25
 16870 | Lair:1   | Reached skill level 10 in Spellcasting
 16915 | Lair:1   | Reached skill level 11 in Earth Magic
 16924 | Lair:1   | Slain by a yak

Skill      XL: |  1  2  3  4  5  6  7  8  9 10 11 12 |
---------------+-------------------------------------+-----
Fighting       | 1 2 3 5 6 7 8 |  8.7
Spellcasting   | 3 4 5 6 8 9 10 | 10.0
Conjurations   | 2 4 5 7 8 10 | 10.6
Air Magic      | 4 4 |  4.3
Summonings     | 3 |  3.7
Earth Magic    | 8 10 11 | 11.0
Dodging        | |  1.7
Stealth        | |  1.7

Action                   |  1- 3 |  4- 6 |  7- 9 | 10-12 || total
-------------------------+-------+-------+-------+-------++-------
Melee: Dagger            |    90 |    65 |   244 |       ||   399
       Tailslap          |       |     5 |    26 |    22 ||    53
       Staff             |       |       |    20 |   118 ||   138
 Cast: Shock             |    60 |   101 |   126 |    15 ||   302
       Airstrike         |       |     6 |    20 |    90 ||   116
       Static Discharge  |       |     2 |    17 |    10 ||    29
       Summon Lightning  |       |       |    12 |    36 ||    48
       Lightning Bolt    |       |       |     2 |    14 ||    16
       Swiftness         |       |       |     1 |       ||     1
       Sandblast         |       |       |       |   233 ||   233
       Summon Ice Beast  |       |       |       |    11 ||    11
Evoke: Wand              |       |       |     2 |       ||     2
  Use: Scroll            |     6 |     1 |     4 |    11 ||    22
       Potion            |       |     3 |     3 |    14 ||    20
 Stab: Sleeping          |       |       |     3 |       ||     3
       Distracted        |       |       |     2 |     1 ||     3
       Paralysed         |       |       |     5 |       ||     5
  Eat: Chunk             |     4 |     7 |    13 |    14 ||    38
       Bread ration      |       |     1 |     1 |     4 ||     6
       Royal jelly       |       |       |     2 |     2 ||     4
Armor: Skin              |    24 |    28 |   143 |   166 ||   361
Dodge: Dodged            |    78 |    64 |   257 |   253 ||   652
